 Dungeon Crawl Stone Soup version 0.24.1-5-g77f818bfca (webtiles) character file.

Game seed: 2221140133285486929, levelgen mode: deterministic

264313 wonsungi the Severer (level 21, -12/169 HPs)
             Began as a Formicid Fighter on Apr 23, 2020.
             Was the Champion of Qazlal.
             Mangled by a Tzitzimitl (13 damage)
             ... summoned by a lich
             ... on level 2 of the Vaults.
             The game lasted 01:37:27 (38765 turns).

wonsungi the Severer (Formicid Fighter)            Turns: 38765, Time: 01:37:28

Health: -12/169    AC: 32    Str: 31    XL:     21   Next: 31%
Magic:  0/10       EV: 12    Int: 16    God:    Qazlal [******]
Gold:   2331       SH:  0    Dex: 10    Spells: 29/32 levels left

rFire    . . .     SeeInvis +   j - +3 battleaxe (antimagic)
rCold    . . .     Gourm    .   c - +1 shield
rNeg     + + .     Faith    .   R - +0 pearl dragon scales
rPois    +         Spirit   +   (helmet unavailable)
rElec    .         Reflect  .   s - +0 cloak
rCorr    .         Harm     .   U - +3 pair of gauntlets of War {Slay+5}
MR       ++...                  Y - +1 pair of boots
Stlth    ..........             F - amulet "Cinekk" {Spirit rN+ Int+3}
HPRegen  0.38/turn              K - +5 ring of strength
MPRegen  0.12/turn              G - ring of poison resistance

@: confused, protected from physical damage, repel missiles
A: permanent stasis, dig shafts and tunnels, four strong arms, antennae 3,
repulsion field 1, molten scales 1, mutation resistance 1
}: 1/15 runes: gossamer
a: Dig, Shaft Self, Upheaval, Elemental Force, Disaster Area, Renounce Religion


You were on level 2 of the Vaults.
You worshipped Qazlal.
Qazlal was exalted by your worship.
You were not hungry.

You visited 6 branches of the dungeon, and saw 30 of its levels.
You also visited: Sewer and Bailey.

You collected 2683 gold pieces.
You spent 352 gold pieces at shops.

Inventory:

Hand Weapons
 a - a +8 battleaxe of flaming
 j - a +3 antimagic battleaxe (weapon)
 Z - a +2 war axe of electrocution
Missiles
 k - 132 poisoned darts (quivered)
 m - 2 javelins
 E - 104 boomerangs
 I - 6 throwing nets
Armour
 b - a +0 plate armour of cold resistance
 c - a +1 shield (worn)
 s - a +0 cloak (worn)
 C - a +0 plate armour of fire resistance
 R - +0 pearl dragon scales (worn)
 U - the +3 pair of gauntlets of War (worn) {Slay+5}
   (You found it on level 6 of the Lair of Beasts)

   It affects your accuracy and damage with ranged weapons and melee attacks
   (+5).
 Y - a +1 pair of boots (worn)
Jewellery
 e - an uncursed ring of protection from fire
 w - an uncursed ring of positive energy
 F - the amulet "Cinekk" (around neck) {Spirit rN+ Int+3}
   (You found it on level 5 of the Lair of Beasts)

   [amulet of guardian spirit]

   It causes incoming damage to be split between your health and magic.
   It affects your intelligence (+3).
   It protects you from negative energy.
 G - a ring of poison resistance (right hand)
 K - a +5 ring of strength (left hand)
 W - an uncursed ring of protection from magic
Wands
 h - a wand of acid (23)
 z - a wand of clouds (5)
 A - a wand of digging (2)
 J - a wand of polymorph (26)
 N - a wand of iceblast (32)
 S - a wand of disintegration (10)
Scrolls
 u - 3 scrolls of enchant armour
 v - 4 scrolls of immolation
 x - 3 scrolls of fog
 y - 6 scrolls of fear
 D - 5 scrolls of amnesia
 M - 5 scrolls of remove curse
 O - 2 scrolls of magic mapping
 X - 4 scrolls of identify
Potions
 d - 7 potions of might
 i - 11 potions of agility
 n - 6 potions of flight
 o - 7 potions of curing
 p - 5 potions of lignification
 q - 7 potions of magic
 r - 5 potions of resistance
 B - 10 potions of heal wounds
 P - 2 potions of cancellation
 T - a potion of brilliance
 V - 3 potions of ambrosia
Miscellaneous
 t - a box of beasts
 H - a lamp of fire
Comestibles
 f - 59 rations
 g - 8 chunks of flesh


   Skills:
 + Level 15.5 Fighting
 + Level 19.2 Axes
   Level 2.4(13.2) Polearms
 * Level 11.7 Throwing
 * Level 17.1 Armour
 - Level 0.2 Dodging
 - Level 0.4 Stealth
 - Level 9.0 Shields
 - Level 6.0 Spellcasting
 * Level 7.1 Charms
 - Level 6.0 Necromancy
 - Level 9.0 Invocations
 - Level 6.0 Evocations


You had 29 spell levels left.
You knew the following spells:

 Your Spells              Type           Power        Failure   Level  Hunger
a - Regeneration          Chrm/Necr      ####......   4%          3    ##.....

Your spell library contained the following spells:

 Spells                   Type           Power        Failure   Level  Hunger
 Animate Skeleton         Necr           N/A          1%          1    None
 Pain                     Necr           ###.         1%          1    None
 Vampiric Draining        Necr           ###.......   6%          3    ##.....
 Animate Dead             Necr           N/A          21%         4    ####...
 Beastly Appendage        Tmut           #.....       24%         1    None
 Confusing Touch          Hex            #.....       24%         1    None
 Corona                   Hex            #......      24%         1    None
 Sandblast                Erth           #.....       24%         1    None
 Shock                    Conj/Air       #...         24%         1    None
 Sting                    Conj/Pois      #...         24%         1    None
 Summon Small Mammal      Summ           #...         24%         1    None
 Call Imp                 Summ           #.......     34%         2    #......
 Passwall                 Tmut/Erth      #.......     34%         2    #......
 Poisonous Vapours        Pois/Air       #.....       34%         2    #......
 Slow                     Hex            #.......     34%         2    #......
 Sticks to Snakes         Tmut           #.......     34%         2    #......
 Call Canine Familiar     Summ           #.......     56%         3    ##.....
 Confuse                  Hex            #.......     56%         3    ##.....
 Gell's Gravitas          Tloc           #.........   56%         3    ##.....
 Ignite Poison            Fire/Tmut/Pois #.......     56%         3    ##.....
 Inner Flame              Hex/Fire       #.......     56%         3    ##.....
 Mephitic Cloud           Conj/Pois/Air  #.......     56%         3    ##.....
 Portal Projectile        Hex/Tloc       #.....       56%         3    ##.....
 Recall                   Summ/Tloc      N/A          56%         3    ##.....
 Spider Form              Tmut/Pois      #.........   56%         3    ##.....
 Stone Arrow              Conj/Erth      #.....       56%         3    ##.....
 Summon Guardian Golem    Hex/Summ       #.......     56%         3    ##.....
 Airstrike                Air            #.........   93%         4    ####...
 Cause Fear               Hex            #.........   93%         4    ####...
 Ice Form                 Ice/Tmut       #.......     93%         4    ####...
 Leda's Liquefaction      Hex/Erth       #.........   93%         4    ####...
 Olgreb's Toxic Radiance  Pois           #.......     93%         4    ####...
 Petrify                  Tmut/Erth      #.......     93%         4    ####...
 Summon Ice Beast         Ice/Summ       #.......     93%         4    ####...
 Summon Lightning Spire   Summ/Air       #.......     93%         4    ####...
 Aura of Abjuration       Summ           #.........   100%        5    ######.
 Blade Hands              Tmut           #.........   100%        5    ######.
 Fireball                 Conj/Fire      #.........   100%        5    ######.
 Irradiate                Conj/Tmut      #.........   100%        5    ######.
 Lee's Rapid Deconstruct  Erth           #.........   100%        5    ######.
 Metabolic Englaciation   Hex/Ice        #.........   100%        5    ######.
 Silence                  Hex/Air        #.........   100%        5    ######.
 Summon Demon             Summ           #.........   100%        5    ######.
 Summon Forest            Summ/Tloc      #.........   100%        5    ######.
 Summon Mana Viper        Hex/Summ       #.......     100%        5    ######.
 Venom Bolt               Conj/Pois      #.........   100%        5    ######.
 Yara's Violent Unravell  Hex/Tmut       #.........   100%        5    ######.
 Bolt of Fire             Conj/Fire      #.........   100%        6    #######
 Deflect Missiles         Chrm/Air       ###.......   100%        6    #######
 Hydra Form               Tmut           #.........   100%        6    #######
 Shadow Creatures         Summ           N/A          100%        6    #######
 Statue Form              Tmut/Erth      #........    100%        6    #######
 Dragon Form              Tmut           #.........   100%        7    #######
 Ring of Flames           Chrm/Fire      ###.......   100%        7    #######
 Discord                  Hex            #.........   100%        8    #######
 Ignition                 Fire           #.........   100%        8    #######


Dungeon Overview and Level Annotations

Branches:
Dungeon (15/15)            Temple (1/1) D:7            Lair (6/6) D:10
 Shoals (0/4) Lair:3       Spider (4/4) Lair:4        Slime (0/5) Lair:6
    Orc (2/2) D:9             Elf (0/3) Orc:2        Vaults (2/5) D:13
 Depths (0/5) D:15          Sewer (visited)          Bailey (visited)
  Crypt: Vaults:2-3

Altars:
Ashenzari
Cheibriados
Dithmenos
Elyvilon
Fedhas
Gozag
Hepliaklqana
Kikubaaqudgha
Nemelex Xobeh
Okawaru
Qazlal
Ru
Sif Muna
Trog
Vehumet
Wu Jian
Xom
Yredelemnul
Zin
Beogh

Shops:
D:9 [   Orc:2 (%(=   Vaults:2 *

Portals:
Trove: D:14 (give +5 demon blade)

Annotations:
D:10 1 runed translucent door, DOPEyDwarf's ghost, novice DsMo
D:11 exclusion: 2 downstairs
D:13 3 runed translucent doors, Kokhlaf's ghost, journeyman DECj
Vaults:2 3 runed translucent doors, royokou's ghost, veteran MiFi


Innate Abilities, Weirdness & Mutations

You cannot be hasted, slowed, berserked, paralysed or teleported.
You can dig through walls and to a lower floor.
Your four strong arms can wield two-handed weapons with a shield.
You have a pair of large antennae on your head. (SInv)
You are surrounded by a mild repulsion field. (EV +2)
You are partially covered in molten scales. (AC +2)
You are somewhat resistant to further mutation.


Message History

A tengu reaver opens the door.
The green death gestures at you.
The bolt of poison hits you but does no damage.
You resist.
The vault warden hits you with a +2 long sword!
* * * LOW HITPOINT WARNING * * *
You feel more protected from physical attacks.
The ironbrand convoker points at the elephant and mumbles some strange words.
The elephant seems to grow stronger.
The eye of devastation is engulfed in blazing flames.
You feel much better. The ettin barely misses you.
The ettin hits you with a +0 dire flail!!
* * * LOW HITPOINT WARNING * * *
You feel more protected from physical attacks.
The Tzitzimitl engulfs you!
* * * LOW HITPOINT WARNING * * *
The Tzitzimitl drains your vigour!
Your stasis prevents you from being slowed.
The Tzitzimitl bites you!
You die...

... #...###...# ...
#.........# ...
####...#### ###+##
########))############
.......)..).(.........
.............)([......
###+##########'######
..C.YGC@1Q..#
.....pL2p*..+...
.....§°s1E..#§..
....§..G....# ##
............#
............+
^...........#
..........e.#
............#


You could see a Tzitzimitl, a vault warden, a tengu reaver, a lich, a green
death, an elephant shaped shifter, 2 ettins, an Executioner, an eye of
devastation, a glowing orange brain, a wolf spider, an ironbrand convoker, an
earth elemental, a deep elf mage and a battlesphere.

Vanquished Creatures
  A tentacled monstrosity (Vaults:2)
  Agnes (Spider:4)
  5 ghost moths
  2 deep elf sorcerers (Vaults:1)
  An orc warlord (Vaults:2)
  7 emperor scorpions
  The ghost of MajorAdolf the Cleaver, a journeyman NaWn of Gozag (Lair:5)
  10 ironheart preservers
  5 vault wardens
  A very ugly thing (D:13)
  5 stone giants (Vaults:2)
  6 entropy weavers
  A deep elf demonologist (Vaults:2)
  An ettin (Vaults:2)
  Snorg (D:12)
  2 spark wasps (Spider:2)
  A fire dragon (D:14)
  3 deep elf death magi
  A great orb of eyes (Vaults:2)
  11 vault guards
  5 yaktaur captains
  5 hydras
  3 ice dragons
  11 centaur warriors
  3 catoblepae (Lair:6)
  A queen ant (Lair:2)
  10 two-headed ogres
  14 death yaks
  3 ogre magi
  6 orc high priests (Orc:2)
  A tengu warrior (D:15)
  2 deep troll shamans
  7 deep elf knights
  An unseen horror (Vaults:1)
  2 glowing orange brains
  5 deep trolls
  4 harpies (Vaults:1)
  7 wizards
  A phantasmal warrior (Vaults:2)
  5 ironbrand convokers
  A deep elf archer (Vaults:1)
  25 wolf spiders
  7 orc knights
  5 deep elf magi
  18 orb spiders
  14 ugly things
  5 oklob plants
  An orc sorcerer (Orc:1)
  6 manticores
  6 cyclopes
  2 moths of wrath
  3 centaur zombies
  7 vault sentinels
  11 elephants
  3 torpor snails
  5 black mambas
  7 spiny frogs
  A gargoyle (D:14)
  2 rime drakes
  8 komodo dragons
  14 yaktaurs
  10 demonic crawlers
  A freezing wraith (Vaults:2)
  A tengu conjurer (D:15)
  5 trolls
  A troll (shapeshifter) (Vaults:2)
  4 hornets
  A queen bee (D:10)
  44 jumping spiders
  9 blink frogs (Lair:2)
  4 tyrant leeches (Spider:4)
  6 dream sheep (Lair:4)
  13 hippogriffs
  A harpy skeleton (D:15)
  24 slime creatures
  91 redbacks
  The ghost of Sassenached the Skirmisher, an amateur DrWn (D:4)
  A shadow (D:11)
  32 yaks
  2 wyverns
  19 humans (D:13)
  5 wraiths
  29 tarantellas
  2 basilisks
  5 hungry ghosts
  Grum (D:10)
  7 vampire mosquitoes
  Menkaure (D:7)
  9 wargs
  15 water moccasins
  Duvessa (D:7)
  6 soldier ants (Lair:2)
  3 acid dragons
  A hornet zombie (D:5)
  9 porcupines
  19 orc warriors
  4 ice beasts
  3 black bears
  An eye of draining (D:9)
  4 sky beasts
  13 centaurs
  3 phantoms
  15 ogres
  13 wolves
  14 crocodiles
  2 big kobolds
  9 bullfrogs
  Dowan (D:7)
  4 earth elementals (Spider:4)
  A wyvern skeleton (D:12)
  6 scorpions
  29 killer bees
  7 electric eels
  2 howler monkeys (D:7)
  A bullfrog zombie (D:13)
  9 crimson imps
  2 jellies
  16 orc wizards
  A bullfrog skeleton (D:7)
  5 centaur skeletons
  38 orc priests
  5 hounds
  21 worker ants
  Natasha (D:2)
  A hound skeleton (D:5)
  Robin (D:3)
  A howler monkey zombie (D:5)
  2 howler monkey skeletons
  35 gnolls
  26 adders
  A shadow imp (D:9)
  6 oozes
  An adder skeleton (D:8)
  5 worms
  2 dart slugs
  13 leopard geckos
  89 orcs
  3 ball pythons
  11 bats
  4 giant cockroaches
  40 goblins
  55 hobgoblins
  11 jackals
  20 kobolds
  4 quokkas
  6 frilled lizards
  A jackal skeleton (D:3)
  A jackal zombie (D:5)
  A leopard gecko skeleton (D:6)
  A quokka skeleton (D:9)
  7 rats
  3 fungi
  5 plants
1282 creatures vanquished.

Vanquished Creatures (collateral kills)
  A frost giant (D:15)
  A very ugly thing (D:13)
  An ugly thing (D:13)
  2 redbacks (Spider:2)
5 creatures vanquished.

Vanquished Creatures (others)
  An orb spider (Spider:3)
  A redback (Spider:4)
  7 fungi
  7 plants
16 creatures vanquished.

Grand Total: 1303 creatures vanquished

Notes
Turn   | Place    | Note
-------+----------+-------------------------------------------
     0 | D:1      | wonsungi the Formicid Fighter began the quest for the Orb.
     0 | D:1      | Reached XP level 1. HP: 18/18 MP: 1/1
   286 | D:1      | Reached XP level 2. HP: 19/24 MP: 2/2
   916 | D:1      | Reached XP level 3. HP: 25/29 MP: 3/3
  1231 | D:2      | Reached skill level 3 in Axes
  1592 | D:2      | Reached XP level 4. HP: 35/35 MP: 4/4
  2408 | D:2      | Noticed Natasha
  2427 | D:2      | Reached XP level 5. HP: 35/41 MP: 5/5
  2668 | D:2      | Reached skill level 4 in Axes
  2937 | D:2      | Killed Natasha
  3406 | D:3      | Reached XP level 6. HP: 48/48 MP: 6/6
  3428 | D:3      | Noticed Robin
  3431 | D:3      | Killed Robin
  3720 | D:3      | Reached skill level 5 in Axes
  4371 | D:3      | Reached XP level 7. HP: 45/54 MP: 7/7
  4512 | D:3      | Reached skill level 5 in Armour
  5046 | D:3      | Reached skill level 6 in Axes
  5132 | D:4      | Noticed Sassenached's ghost (amateur DrWn)
  5238 | D:4      | Found a sacrificial altar of Ru.
  5453 | D:4      | Found a runed translucent door.
  5607 | D:4      | Found a glowing drain.
  5634 | Sewer    | Entered a sewer
  6256 | Sewer    | Reached XP level 8. HP: 59/61 MP: 8/8
  6577 | D:4      | Killed Sassenached's ghost
  6577 | D:4      | Reached skill level 7 in Axes
  6615 | D:5      | Entered Level 5 of the Dungeon
  6880 | D:5      | Reached skill level 1 in Throwing
  6889 | D:5      | Got a translucent war axe
  6890 | D:5      | Identified the +3 war axe "Mailuzoq" {chop, Dex+2} (You
                  | found it on level 5 of the Dungeon)
  6983 | D:5      | Reached skill level 5 in Fighting
  7060 | D:5      | Reached skill level 8 in Axes
  7069 | D:5      | Reached XP level 9. HP: 50/68 MP: 9/9
  7449 | D:6      | Found a bloodstained altar of Trog.
  7595 | D:6      | Reached skill level 9 in Axes
  8535 | D:7      | Noticed Menkaure
  8538 | D:7      | Killed Menkaure
  8729 | D:7      | Noticed Duvessa
  8730 | D:7      | Noticed Dowan
  8740 | D:7      | Reached skill level 5 in Shields
  8743 | D:7      | Killed Duvessa
  8747 | D:7      | Killed Dowan
  8747 | D:7      | Reached skill level 10 in Axes
  8747 | D:7      | Reached XP level 10. HP: 76/76 MP: 10/10
  8831 | D:7      | Found a staircase to the Ecumenical Temple.
  8840 | Temple   | Entered the Ecumenical Temple
  8926 | Temple   | Became a worshipper of Qazlal Stormbringer
  9206 | D:8      | Found an opulent altar of Gozag.
  9207 | D:8      | Found a transporter.
  9285 | D:8      | Found a transporter.
  9438 | D:8      | Reached * piety under Qazlal
 10179 | D:8      | Reached skill level 11 in Axes
 10674 | D:9      | Found a staircase to the Orcish Mines.
 10682 | D:9      | Learned a level 3 spell: Regeneration
 10862 | D:9      | Found Quunas's Antique Armour Emporium.
 10865 | D:9      | Bought a glowing chain mail for 127 gold pieces
 10886 | D:9      | You fall into a shaft and drop 2 floors!
 10895 | D:11     | Noticed a manticore
 10917 | D:11     | Killed a manticore
 10944 | D:11     | Reached XP level 11. HP: 29/84 MP: 11/11
 11252 | D:11     | Noticed a green ugly thing
 11260 | D:11     | Killed a green ugly thing
 11875 | D:11     | Reached ** piety under Qazlal
 11969 | D:10     | Entered Level 10 of the Dungeon
 12018 | D:10     | Found a runed translucent door.
 12018 | D:10     | Noticed DOPEyDwarf's ghost (novice DsMo)
 12329 | D:10     | Noticed a two-headed ogre
 12345 | D:10     | Killed a two-headed ogre
 12805 | D:10     | Reached skill level 10 in Armour
 12811 | D:10     | Reached skill level 12 in Axes
 13993 | D:10     | Found a blossoming altar of Fedhas.
 13995 | D:10     | Noticed Grum
 14019 | D:10     | Killed Grum
 14290 | D:10     | Found a staircase to the Lair.
 14942 | D:12     | Noticed a manticore
 14942 | D:12     | Noticed a manticore
 14950 | D:12     | Killed a manticore
 14950 | D:12     | Reached XP level 12. HP: 69/92 MP: 12/12
 15128 | D:12     | Noticed Snorg
 15261 | D:12     | Killed Snorg
 15319 | D:12     | Noticed a centaur warrior
 15332 | D:12     | Killed a centaur warrior
 15332 | D:12     | Reached *** piety under Qazlal
 15341 | D:12     | Identified the Guide on Air
 15874 | D:12     | Reached skill level 1 in Invocations
 16340 | D:13     | Noticed a centaur warrior
 16346 | D:13     | Killed a centaur warrior
 16346 | D:13     | Reached skill level 1 in Evocations
 16356 | D:13     | Noticed a centaur warrior
 16368 | D:13     | Killed a centaur warrior
 16912 | D:13     | Noticed a wizard
 16916 | D:13     | Noticed a vault guard
 16916 | D:13     | Reached skill level 13 in Axes
 16919 | D:13     | Noticed a vault guard
 16920 | D:13     | Killed a wizard
 16920 | D:13     | Reached XP level 13. HP: 82/101 MP: 14/16
 16921 | D:13     | Reached **** piety under Qazlal
 16944 | D:13     | Killed a vault guard
 17231 | D:13     | Killed a vault guard
 17303 | D:13     | Noticed a centaur warrior
 17312 | D:13     | Killed a centaur warrior
 17312 | D:13     | Reached skill level 5 in Invocations
 17423 | D:13     | Found a gate to the Vaults.
 17708 | D:13     | Found a runed translucent gate.
 17709 | D:13     | Found a runed translucent gate.
 17709 | D:13     | Found a runed translucent gate.
 17711 | D:13     | Noticed a green very ugly thing
 17714 | D:13     | Noticed a cyan very ugly thing
 17726 | D:13     | Killed a green very ugly thing
 17733 | D:13     | You fall into a shaft and drop 2 floors!
 17733 | D:15     | Entered Level 15 of the Dungeon
 18107 | D:15     | Noticed a centaur warrior
 18124 | D:15     | Killed a centaur warrior
 18197 | D:15     | Reached skill level 14 in Axes
 18197 | D:15     | Noticed a centaur warrior
 18223 | D:15     | Killed a centaur warrior
 18351 | D:15     | Reached skill level 10 in Fighting
 18899 | D:15     | Noticed a centaur warrior
 18907 | D:15     | Killed a centaur warrior
 18964 | D:15     | Reached XP level 14. HP: 44/111 MP: 17/19
 19000 | D:15     | Noticed a frost giant
 19123 | D:15     | Killed a frost giant
 19408 | D:15     | Found a staircase to the Depths.
 20241 | D:14     | Found a blossoming altar of Fedhas.
 20453 | D:14     | Found a portal to a secret trove of treasure.
 20582 | D:14     | Reached skill level 15 in Axes
 20582 | D:14     | Reached XP level 15. HP: 117/117 MP: 19/21
 20644 | D:13     | Killed a green very ugly thing
 21067 | D:13     | Found a runed translucent gate.
 21067 | D:13     | Found a runed translucent gate.
 21071 | D:13     | Found a runed translucent gate.
 21071 | D:13     | Noticed Kokhlaf's ghost (journeyman DECj)
 21087 | D:13     | Gained mutation: You are partially covered in molten
                  | scales. (AC +2) [potion of mutation]
 21087 | D:13     | Gained mutation: You have large cloven feet. [potion of
                  | mutation]
 21250 | Lair:1   | Entered Level 1 of the Lair of Beasts
 21271 | Lair:1   | Reached skill level 5 in Throwing
 22805 | Lair:2   | Reached ***** piety under Qazlal
 22808 | Lair:2   | Reached skill level 1 in Polearms
 23254 | Lair:3   | Found a staircase to the Shoals.
 23272 | Lair:3   | Noticed Sonja
 23283 | Lair:3   | Reached XP level 16. HP: 127/127 MP: 22/22
 23293 | Lair:3   | Noticed Sonja
 23293 | Lair:3   | Sonja changed into Sonja the black bear
 23297 | Lair:3   | Killed Sonja the black bear
 24523 | Lair:4   | Found a hole to the Spider Nest.
 24987 | Lair:5   | Found a transporter.
 24996 | Lair:5   | Noticed MajorAdolf's ghost (journeyman NaWn)
 25077 | Lair:5   | Found a transporter.
 25684 | Lair:5   | Killed MajorAdolf's ghost
 25684 | Lair:5   | Reached skill level 16 in Axes
 25862 | Lair:5   | Got a warped amethyst amulet
 25863 | Lair:5   | Identified the amulet "Cinekk" {Spirit rN+ Int+3} (You
                  | found it on level 5 of the Lair of Beasts)
 26022 | Lair:6   | Entered Level 6 of the Lair of Beasts
 26127 | Lair:6   | Found a staircase to the Slime Pits.
 26357 | Lair:6   | Reached skill level 15 in Armour
 26475 | Lair:6   | Reached ****** piety under Qazlal
 26592 | Lair:6   | Found the +3 pair of gauntlets of War {Slay+5}
 26818 | Lair:6   | Got a scorched whip
 26819 | Lair:6   | Identified the +1 whip of Forced Transition {venom, +Inv
                  | rElec rF++ MR-} (You found it on level 6 of the Lair of
                  | Beasts)
 27378 | Orc:1    | Entered Level 1 of the Orcish Mines
 27424 | Orc:1    | Found a flagged portal.
 27471 | Bailey   | Entered a bailey
 27631 | Bailey   | Reached skill level 1 in Spellcasting
 27631 | Bailey   | Reached skill level 1 in Charms
 27631 | Bailey   | Reached skill level 1 in Necromancy
 27631 | Bailey   | Reached XP level 17. HP: 136/136 MP: 23/23
 27775 | Bailey   | Lost mutation: You have large cloven feet. [potion of
                  | mutation]
 27775 | Bailey   | Gained mutation: You expend magic power (3 MP) to
                  | strengthen your wands. [potion of mutation]
 27775 | Bailey   | Gained mutation: Your spells are a little harder to cast,
                  | but a little more powerful. [potion of mutation]
 27776 | Bailey   | Lost mutation: You expend magic power (3 MP) to strengthen
                  | your wands. [potion of mutation]
 27776 | Bailey   | Lost mutation: Your spells are a little harder to cast, but
                  | a little more powerful. [potion of mutation]
 27776 | Bailey   | Gained mutation: You are surrounded by a mild repulsion
                  | field. (EV +2) [potion of mutation]
 27776 | Bailey   | Gained mutation: You are somewhat resistant to further
                  | mutation. [potion of mutation]
 27908 | Orc:1    | Found a bloodstained altar of Trog.
 28142 | Orc:2    | Entered Level 2 of the Orcish Mines
 28175 | Orc:2    | Reached XP level 18. HP: 117/143 MP: 20/24
 28216 | Orc:2    | HP: 1/143 [orc priest/divine providence (11)]
 28736 | Orc:2    | Found a staircase to the Elven Halls.
 29312 | Orc:2    | Found Fybumere's Jewellery Emporium.
 29312 | Orc:2    | Found Vil Suru's Weapon Boutique.
 29350 | Orc:2    | Found a roughly hewn altar of Beogh.
 29373 | Orc:2    | Found Maog's Food Emporium.
 29373 | Orc:2    | Found Hotiat's Antique Weapon Boutique.
 29888 | Spider:1 | Entered Level 1 of the Spider Nest
 30843 | Spider:2 | Reached skill level 17 in Axes
 32471 | Spider:2 | Reached XP level 19. HP: 137/152 MP: 7/25
 34172 | Spider:4 | Entered Level 4 of the Spider Nest
 34188 | Spider:4 | Reached skill level 10 in Throwing
 35167 | Spider:4 | Reached skill level 5 in Spellcasting
 35168 | Spider:4 | Noticed Agnes
 35177 | Spider:4 | Killed Agnes
 35177 | Spider:4 | Reached skill level 5 in Charms
 35177 | Spider:4 | Reached skill level 5 in Necromancy
 35426 | Spider:4 | Got a gossamer rune of Zot
 35756 | Vaults:1 | Entered Level 1 of the Vaults
 35828 | Vaults:1 | Reached XP level 20. HP: 134/160 MP: 22/28
 35835 | Vaults:1 | Reached skill level 18 in Axes
 37430 | Vaults:2 | Reached skill level 15 in Fighting
 37735 | Vaults:2 | Reached skill level 5 in Evocations
 38153 | Vaults:2 | Found Xosogim's General Store.
 38160 | Vaults:2 | Bought a potion of heal wounds for 90 gold pieces
 38160 | Vaults:2 | Bought a scroll of enchant weapon for 135 gold pieces
 38322 | Vaults:2 | Found a runed translucent gate.
 38322 | Vaults:2 | Found a runed translucent gate.
 38323 | Vaults:2 | Found a runed translucent gate.
 38323 | Vaults:2 | Found an ancient bone altar of Kikubaaqudgha.
 38323 | Vaults:2 | Noticed an ancient lich
 38323 | Vaults:2 | Noticed royokou's ghost (veteran MiFi)
 38323 | Vaults:2 | Noticed an ancient lich
 38422 | Vaults:2 | Reached XP level 21. HP: 128/168 MP: 24/30
 38699 | Vaults:2 | Reached skill level 19 in Axes
 38758 | Vaults:2 | Noticed a Tzitzimitl
 38765 | Vaults:2 | HP: 1/169 [Tzitzimitl[a lich] (15)]
 38765 | Vaults:2 | Mangled by a Tzitzimitl

Levels and vault maps discovered:
D:1:      dpeg_arrival_tiny_b, layout_loops_ring, serial_forest,
          infiniplex_forest_straight_5, infiniplex_forest_clump_medium,
          infiniplex_forest_clump_large, infiniplex_forest_straight_2,
          nrook_loot_triangle
D:2:      layout_basic, uniq_natasha
D:3:      minmay_goblin_kobold_castle, layout_rooms, first_ration,
          minmay_misc_feat_rows, uniq_robin
D:4:      layout_cave_pools, hellmonk_ghost_happy_afterlife,
          gup_sewer_entry_bubbles, nicolae_ru_great_annihilating_truth
D:5:      layout_rooms, minmay_quadrilaterals
D:6:      layout_loops_ring, overflow_temple_1_default
D:7:      layout_gridville, minmay_temple_entry_statues, uniq_duvessa,
          uniq_menkaure
D:8:      gammafunk_steamed_eel, layout_cave_pools, basic_altar
D:9:      minmay_inner_zag, layout_irregular_city, orc_0_dummy, serial_shops,
          nicolae_shop_behind_doors
D:10:     layout_roguey [special_room_bee], lair_entry_dummy, basic_altar,
          gammafunk_ghost_grave, uniq_grum
D:11:     layout_loops_ring
D:12:     layout_loops_ring, uniq_snorg
D:13:     layout_stronghold, grunt_vaults_entry_tiered,
          ploomutoo_gammafunk_ghost_potion_laboratory
D:14:     layout_cave_pools, enter_trove_1, grunt_pizzeria,
          hangedman_tree_tricks
D:15:     grunt_enter_depths_snipers, layout_layer_cave, serial_bayou_pond_d
Temple:   kilobyte_greek_temple
Lair:1:   layout_chaotic_city, chequers_serial_rivers_micro_a,
          chequers_serial_rivers_small_b, serial_bayou_pond_b,
          grunt_megastairs_3, minmay_lair_oklob_chamber,
          infiniplex_staircase_pool
Lair:2:   layout_chaotic_city, minmay_another_anthill
Lair:3:   layout_gridlike, minmay_shoals_entry_centaurs,
          chequers_serial_rivers_micro_a, infiniplex_staircase_pool_2,
          serial_bayou_shore_a, serial_bayou_shore_b, uniq_sonja
Lair:4:   layout_loops_ring, spider_nest_entry_web_field, grunt_megastairs_5
Lair:5:   layout_gridlike, gammafunk_ghost_berserking_beasts,
          nicolae_quartered_pool_super
Lair:6:   evilmike_catoblepas_cave, layout_cave_pods, slime_dummy,
          grunt_megastairs_1
Spider:1: layout_spider_delve
Spider:2: layout_spider_delve, nicolae_spider_stair_cavern
Spider:3: layout_spider_delve
Spider:4: grunt_spider_rune_circles, hangedman_stitches_earthworm, uniq_agnes
Orc:1:    layout_diamond_mine, basic_altar, enter_bailey_8
Orc:2:    st_orc_town, layout_caves
Vaults:1: v_misc_18, vaults_standard_mumra_x, vaults_room_corners,
          nicolae_vaults_asterisk, ontoclasm_vaults_twist,
          vaults_dpeg_encased_lava, layout_vaults_omnigrid
Vaults:2: gammafunk_vaults_ghost_crypt, v_alt_pattern_6,
          nicolae_vaults_hallways_thing, ontoclasm_vaults_loading_screen,
          v_misc_16, st_greater_box_5, nicolae_vaults_network_periphery,
          vaults_room_corners, nicolae_vaults_ring_of_whatevers,
          vaults_room_pools, vaults_mumra_hex, layout_vaults_big_cross,
          serial_shops, nicolae_shop_stone

Skill      XL: |  1  2  3  4  5  6  7  8  9 10 11 12 13 14 15 16 17 18 19 20 21 |
---------------+----------------------------------------------------------------+-----
Axes           | 3 4 5 6 8 10 11 12 13 14 15 16 17 18 19 | 19.2
Armour         | 4 5 6 7 8 10 11 12 13 14 15 16 17 | 17.1
Fighting       | 4 5 6 7 8 9 10 11 13 14 15 | 15.5
Throwing       | 1 2 3 4 6 8 9 10 11 | 11.7
Shields        | 5 6 8 9 |  9.0
Invocations    | 4 6 8 9 |  9.0
Evocations     | 1 2 3 5 6 |  6.0
Polearms       | 1 2 |  2.4
Spellcasting   | 1 3 5 6 |  6.0
Charms         | 1 3 5 6 7 |  7.1
Necromancy     | 1 3 5 6 |  6.0
Dodging        | |  0.2
Stealth        | |  0.4

Action                   |  1- 3 |  4- 6 |  7- 9 | 10-12 | 13-15 | 16-18 | 19-21 || total
-------------------------+-------+-------+-------+-------+-------+-------+-------++-------
Melee: War axe           |   202 |   339 |   481 |   531 |   563 |   743 |       ||  2859
       Trident           |       |       |       |       |    11 |     3 |       ||    14
       Battleaxe         |       |       |       |       |       |    73 |   628 ||   701
Throw: Dart              |       |       |    25 |    49 |     8 |    36 |    74 ||   192
       Boomerang         |       |       |       |    10 |       |       |       ||    10
 Cast: Regeneration      |       |       |       |       |       |       |     7 ||     7
Invok: Elemental Force   |       |       |       |       |     5 |     1 |       ||     6
       Disaster Area     |       |       |       |       |       |       |     1 ||     1
 Abil: Shaft Self        |       |       |       |       |     1 |       |       ||     1
       Dig               |       |       |       |       |       |     2 |       ||     2
Evoke: Wand              |       |       |       |     8 |     7 |     2 |       ||    17
  Use: Scroll            |     1 |     1 |     7 |     7 |    11 |     5 |     8 ||    40
       Potion            |       |     1 |     1 |     3 |     8 |     4 |     2 ||    19
 Stab: Invisible         |       |       |     1 |       |       |       |       ||     1
       Distracted        |       |       |       |       |     1 |       |       ||     1
       Held in net/web   |       |       |       |       |       |       |     2 ||     2
  Eat: Chunk             |     3 |     9 |    16 |    19 |    17 |    24 |    10 ||    98
       Ration            |       |       |       |     4 |     1 |     2 |     3 ||    10
Armor: Scale mail        |    92 |   134 |   179 |    30 |       |       |       ||   435
       Skin              |       |     9 |       |       |       |       |       ||     9
       Chain mail        |       |       |       |   114 |       |       |       ||   114
       Plate armour      |       |       |       |    73 |   165 |   161 |       ||   399
       Pearl dragon scal |       |       |       |       |       |   207 |   251 ||   458
Dodge: Dodged            |    73 |   120 |   169 |   146 |    93 |   262 |   197 ||  1060
       Deflected         |       |       |       |       |     6 |     5 |     9 ||    20
Block: Shield            |   120 |   208 |   268 |   478 |   412 |   829 |   567 ||  2882
